 Dungeon Sprint DCSS version 0.22-a0-388-g09e6169 (webtiles) character file.

151 Kidiri the Thaumaturge (level 5, -2/28 HPs)
             Began as a Deep Elf Fire Elementalist on Apr 29, 2018.
             Was a Follower of Vehumet.
             Slain by a sky beast (5 damage)
             ... in the Dungeon (Sprint IX: "|||||||||||||||||||||||||||||").
             The game lasted 00:02:17 (517 turns).

Kidiri the Thaumaturge (Deep Elf Fire Elementalist)  Turns: 517, Time: 00:02:18

Health: -2/28      AC:  9    Str:  5    XL:     5   Next: 11%
Magic:  13/19      EV: 11    Int: 24    God:    Vehumet [*.....]
Gold:   0          SH:  0    Dex: 15    Spells: 14/23 levels left

rFire    . . .     SeeInvis .   n - +2 rapier (elec)
rCold    . . .     Gourm    .   (no shield)
rNeg     . . .     Faith    .   q - +2 ring mail
rPois    .         Spirit   .   p - +0 helmet
rElec    .         Reflect  .   (no cloak)
rCorr    .         Harm     .   o - +0 pair of gloves
MR       .....     NoTele   +   (no boots)
Stlth    +.........             (no amulet)
HPRegen  0.09/turn              r - +2 ring of evasion
MPRegen  0.16/turn              s - +3 ring of intelligence

@: very slightly contaminated
A: no striking features
a: Renounce Religion


You were in the Dungeon.
You worshipped Vehumet.
Vehumet was aware of your devotion.
You were not hungry.

You visited 1 branch

Inventory:

Hand Weapons
 n - a +2 rapier of electrocution (weapon)
Armour
 a - a +0 robe
 o - a +0 pair of gloves (worn)
 p - a +0 helmet (worn)
 q - a +2 ring mail (worn)
Jewellery
 r - a +2 ring of evasion (left hand)
 s - a +3 ring of intelligence (right hand)
Wands
 m - a wand of iceblast (10)
Scrolls
 i - 2 scrolls of blinking
 k - 3 scrolls of remove curse
 l - 2 scrolls of amnesia
Potions
 d - a potion of invisibility
 e - a potion of heal wounds
 f - a potion of haste
 g - 2 potions of magic
 h - a potion of berserk rage
 j - 4 potions of curing
Comestibles
 c - a ration


   Skills:
 - Level 2.4 Dodging
 - Level 2.4 Stealth
 * Level 9.9 Spellcasting
 + Level 5.6 Conjurations
 + Level 6.5 Fire Magic


You had 14 spell levels left.
You knew the following spells:

 Your Spells              Type           Power        Failure   Level  Hunger
a - Flame Tongue          Conj/Fire      #####        2%          1    None
b - Throw Flame           Conj/Fire      #####.       3%          2    None
c - Conjure Flame         Conj/Fire      #####...     6%          3    None
d - Inner Flame           Hex/Fire       ####....     21%         3    None


Dungeon Overview and Level Annotations

Branches:
Dungeon (1/1)

Altars:
Cheibriados
Dithmenos
Elyvilon
Fedhas
Gozag
Hepliaklqana
Kikubaaqudgha
Makhleb
Nemelex Xobeh
Okawaru
Qazlal
Ru
Sif Muna
Trog
Uskayaw
Vehumet
Wu Jian
Xom
Yredelemnul
Zin
The Shining One
Beogh
Jiyva
Lugonu


Message History

Vehumet accepts your kill.
You have reached level 5!
Something hits you but does no damage.
Casting: Flame Tongue (safe; 2% risk of failure)
Confirm with . or Enter, or press ? or * to list all spells.
Aiming: Flame Tongue (safe; 2% risk of failure)
Press: ? - help, Shift-Dir - straight line, f - orc
Aim: an orc, wielding a short sword and wearing a leather armour The flame tongue hits something.
Something hits you but does no damage.
Casting: Flame Tongue (safe; 2% risk of failure)
Confirm with . or Enter, or press ? or * to list all spells.
Aiming: Flame Tongue (safe; 2% risk of failure)
Press: ? - help, Shift-Dir - straight line, f/p - orc
Aim: an orc, wielding a short sword and wearing a leather armour The flame tongue hits the orc.
The orc is heavily wounded.
Something hits you.
* * * LOW HITPOINT WARNING * * *
Something shocks you.
You die...

▓.▓
▓.▓
▓|▓
▓)▓
▓.▓
▓.▓
▓.▓
▓.▓
▓@▓
▓{▓
▓o▓
▓.▓
▓.▓
▓.▓
▓.▓
▓.▓


You could see an orc.

Vanquished Creatures
  A killer bee (D)
  A hound (D)
  An orc priest (D)
  2 adders (D)
  A gnoll (D)
  A shadow imp (D)
  An adder zombie (D)
  A dart slug (D)
  A bat skeleton (D)
  A jackal (D)
  2 kobolds (D)
  A frilled lizard (D)
14 creatures vanquished.

Notes
Turn   | Place    | Note
-------+----------+-------------------------------------------
     0 | D        | Kidiri the Deep Elf Fire Elementalist began the quest for the Orb.
     0 | D        | Reached XP level 1. HP: 10/10 MP: 6/6
     5 | D        | Reached skill level 4 in Spellcasting
   243 | D        | Reached skill level 5 in Spellcasting
   243 | D        | Reached XP level 2. HP: 15/15 MP: 6/10
   246 | D        | Reached skill level 6 in Spellcasting
   249 | D        | Reached XP level 3. HP: 19/19 MP: 0/13
   268 | D        | Reached skill level 7 in Spellcasting
   268 | D        | Reached skill level 5 in Fire Magic
   286 | D        | Found a roughly hewn altar of Beogh.
   286 | D        | Found a snail-covered altar of Cheibriados.
   286 | D        | Found a shadowy altar of Dithmenos.
   286 | D        | Found a white marble altar of Elyvilon.
   286 | D        | Found a blossoming altar of Fedhas.
   286 | D        | Found an opulent altar of Gozag.
   287 | D        | Found a hazy altar of Hepliaklqana.
   288 | D        | Found a viscous altar of Jiyva.
   289 | D        | Found an ancient bone altar of Kikubaaqudgha.
   290 | D        | Found a corrupted altar of Lugonu.
   291 | D        | Found a burning altar of Makhleb.
   292 | D        | Found a sparkling altar of Nemelex Xobeh.
   293 | D        | Found an iron altar of Okawaru.
   294 | D        | Found a stormy altar of Qazlal.
   295 | D        | Found a sacrificial altar of Ru.
   296 | D        | Found a deep blue altar of Sif Muna.
   297 | D        | Found a bloodstained altar of Trog.
   298 | D        | Found a hide-covered altar of Uskayaw.
   299 | D        | Found a radiant altar of Vehumet.
   300 | D        | Found an ornate altar of the Wu Jian Council.
   301 | D        | Found a shimmering altar of Xom.
   302 | D        | Found a basalt altar of Yredelemnul.
   303 | D        | Found a glowing silver altar of Zin.
   304 | D        | Found a glowing golden altar of the Shining One.
   307 | D        | Became a worshipper of Vehumet
   311 | D        | Learned a level 2 spell: Throw Flame
   315 | D        | Learned a level 3 spell: Conjure Flame
   319 | D        | Learned a level 3 spell: Inner Flame
   493 | D        | Noticed a killer bee
   493 | D        | Noticed a sky beast
   502 | D        | Reached skill level 8 in Spellcasting
   502 | D        | Reached XP level 4. HP: 24/24 MP: 4/16
   504 | D        | Reached * piety under Vehumet
   504 | D        | Offered knowledge of Sandblast by Vehumet.
   504 | D        | Reached skill level 9 in Spellcasting
   504 | D        | Reached skill level 5 in Conjurations
   515 | D        | Reached XP level 5. HP: 4/28 MP: 15/19
   517 | D        | Slain by a sky beast

Vault maps used:
D:        linesprint

Skill      XL: |  1  2  3  4 |
---------------+-------------+-----
Spellcasting   | 5 6 8 9 |  9.9
Conjurations   | 2 3 4 5 |  5.6
Fire Magic     | 4 5 6 |  6.5
Dodging        | |  2.4
Stealth        | |  2.4

Action                   |  1- 3 |  4- 6 || total
-------------------------+-------+-------++-------
Melee: Unarmed           |    16 |       ||    16
       Rapier            |     1 |     2 ||     3
 Cast: Flame Tongue      |    25 |    11 ||    36
  Use: Potion            |     2 |     3 ||     5
Armor: Robe              |     2 |       ||     2
       Ring mail         |     1 |     7 ||     8
Dodge: Dodged            |    29 |     5 ||    34

Table legend:
 A = Spawn XP
 B = Non-spawn XP
 C = Spawn XP percentage of total XP
 D = Spawn monster count
 E = Non-spawn monster count
 F = Spawn count percentage of total count
 G = Total turns spent on level
                    A         B        C        D         E        F      G
               +---------+---------+-------+---------+---------+-------+---------
         Total |       0 |     217 |   0.0 |       0 |      14 |   0.0 |   517
               +---------+---------+-------+---------+---------+-------+---------
             D |       0 |     217 |   0.0 |       0 |      14 |   0.0 |   517
               +---------+---------+-------+---------+---------+-------+---------
